Map: Paladino Terminal LE

Players

starhunter

  • Race: Protoss Protoss
  • League: Gold
  • Spawn Location: 9:00

Niesk - Winner!

  • Race: Protoss Protoss
  • Spawn Location: 5:00

VOD

Have the link to the VOD?

Description

Defending against a cannon rush and abandoning the main base before going into stargate fun

Time

  • Played on: Jan. 25, 2017, 11:14 p.m.
  • Length: 22:22
Show
View Real Time Build Order
Export as new Build Order

starhunter Protoss 

Build Orders:  

Get SALT Encoding   

  12  0:03  Probe (Chrono Boost)  
  13  0:14  Probe (Chrono Boost)  
  14  0:24  Probe (Chrono Boost)  
  15  0:45  Pylon  
  15  1:03  Probe (Chrono Boost)  
  16  1:06  Gateway  
  16  1:08  Forge  
  16  1:14  Assimilator  
  16  1:15  Probe (Chrono Boost)  
  16  1:18  Assimilator  
  17  1:26  Probe (Chrono Boost)  
  18  1:36  Probe (Chrono Boost), Pylon  
  19  1:47  Probe (Chrono Boost)  
  20  1:55  Photon Cannon  
  20  1:58  Photon Cannon  
  20  2:22  Pylon  
  20  2:28  Pylon  
  20  2:36  Probe (Chrono Boost)  
  21  2:40  Photon Cannon  
  21  2:46  Probe (Chrono Boost)  
  22  2:57  Probe (Chrono Boost)  
  22  2:58  Photon Cannon  
  23  3:01  Photon Cannon  
  23  3:06  Photon Cannon  
  23  3:07  Probe (Chrono Boost)  
  24  3:18  Probe (Chrono Boost)  
  25  3:23  Photon Cannon  
  25  3:24  Pylon  
  25  3:28  Probe (Chrono Boost)  
  25  3:30  Photon Cannon  
  25  3:33  Photon Cannon  
  26  3:36  Photon Cannon  
  26  3:39  Probe (Chrono Boost)  
  26  3:49  Probe (Chrono Boost)  
  27  4:00  Probe (Chrono Boost)  
  27  4:02  Cybernetics Core  
  28  4:04  Photon Cannon  
  28  4:07  Pylon  
  28  4:29  Pylon  
  28  4:33  Pylon  
  28  4:37  Pylon  
  28  4:39  Mothership Core (Chrono Boost)  
  28  4:42  Pylon  
  30  4:49  Stargate  
  30  5:00  Photon Cannon  
  30  5:04  Photon Cannon  
  30  5:09  Photon Cannon  
  30  5:12  Photon Cannon  
  30  5:23  Robotics Facility  
  30  5:31  Void Ray  
  34  5:46  Probe (Chrono Boost)  
  35  6:09  Void Ray  
  35  6:11  Warp Prism  
  35  6:16  Protoss Air Weapons Level 1  
  41  6:46  Void Ray  
  41  8:00  Nexus  
  41  8:01  Void Ray  
  41  8:02  Assimilator  
  41  8:06  Assimilator  
  41  8:10  Pylon  
  41  8:12  Pylon  
  45  8:21  Protoss Air Armor Level 1  
  45  8:29  Stargate  
  45  8:45  Fleet Beacon  
  45  8:58  Pylon  
  45  9:13  Nexus  
  45  9:43  Pylon  
  45  9:44  Assimilator, Pylon  
  45  9:46  Pylon  
  45  9:49  Assimilator  
  45  9:54  Void Ray  
  49  10:09  Void Ray  
  53  10:56  Void Ray x2  
  54  10:57  Probe (Chrono Boost)  
  54  10:59  Probe (Chrono Boost)  
  63  11:07  Protoss Air Weapons Level 2  
  63  11:09  Probe (Chrono Boost)  
  64  11:16  Probe (Chrono Boost)  
  65  11:22  Protoss Shields Level 1  
  65  11:28  Probe (Chrono Boost)  
  65  11:31  Observer  
  67  11:34  Stalker  
  67  11:37  Void Ray  
  73  11:57  Probe x2 (Chrono Boost)  
  73  11:58  Probe (Chrono Boost)  
  76  12:07  Probe (Chrono Boost)  
  79  12:09  Void Ray, Probe (Chrono Boost)  
  79  12:10  Probe (Chrono Boost)  
  83  12:19  Probe (Chrono Boost)  
  83  12:21  Probe (Chrono Boost)  
  83  12:22  Probe (Chrono Boost)  
  86  12:29  Probe (Chrono Boost)  
  86  12:45  Probe (Chrono Boost)  
  86  12:47  Probe x2 (Chrono Boost)  
  90  12:51  Observer  
  90  12:56  Probe (Chrono Boost)  
  93  12:59  Probe x2 (Chrono Boost)  
  93  13:05  Protoss Air Armor Level 2  
  85  13:06  Probe (Chrono Boost)  
  85  13:11  Probe x2 (Chrono Boost)  
  76  13:13  Void Ray  
  76  13:17  Probe (Chrono Boost)  
  76  13:18  Void Ray  
  85  13:23  Probe (Chrono Boost)  
  86  13:29  Twilight Council  
  86  13:32  Stargate  
  86  13:36  Probe (Chrono Boost)  
  86  13:37  Probe x2 (Chrono Boost)  
  89  14:05  Void Ray  
  89  14:08  Probe (Chrono Boost)  
  89  14:09  Probe x2 (Chrono Boost)  
  92  14:11  Void Ray  
  92  14:13  Protoss Shields Level 2  
  100  14:18  Probe (Chrono Boost)  
  100  14:21  Probe x2 (Chrono Boost)  
  95  14:41  Void Ray  
  99  14:54  Pylon  
  99  15:00  Pylon  
  99  15:01  Protoss Air Weapons Level 3  
  99  15:07  Void Ray  
  99  15:12  Void Ray  
  107  15:17  Sentry  
  107  15:19  Nexus  
  110  15:22  Pylon  
  110  15:25  Observer  
  110  15:26  Pylon  
  110  15:29  Assimilator  
  110  15:31  Assimilator  
  110  15:56  Probe (Chrono Boost)  
  112  15:57  Probe (Chrono Boost)  
  112  16:06  Probe (Chrono Boost)  
  112  16:09  Probe (Chrono Boost)  
  114  16:19  Photon Cannon  
  114  16:22  Photon Cannon  
  114  16:27  Photon Cannon  
  114  16:29  Photon Cannon  
  114  16:32  Void Ray  
  114  16:37  Void Ray  
  114  16:38  Void Ray  
  90  17:24  Void Ray  
  90  17:29  Void Ray  
  89  17:30  Void Ray  
  64  18:12  Void Ray x2  
  44  18:51  Mothership Core (Chrono Boost)  
  39  18:57  Nexus  
  27  20:02  Nexus  
  20  21:19  Gateway  
  20  21:35  Nexus  
  16  22:03  Pylon  
Show
View Real Time Build Order
Export as new Build Order

Niesk Protoss - Winner!

Build Orders:  

Get SALT Encoding   

  12  0:03  Probe (Chrono Boost)  
  13  0:13  Probe (Chrono Boost)  
  14  0:20  Pylon  
  14  0:25  Probe (Chrono Boost)  
  15  0:39  Probe (Chrono Boost)  
  15  0:40  Gateway  
  16  0:49  Probe (Chrono Boost)  
  17  0:54  Assimilator  
  17  0:59  Assimilator  
  17  1:03  Probe (Chrono Boost)  
  18  1:13  Probe (Chrono Boost)  
  19  1:24  Probe (Chrono Boost)  
  20  1:29  Cybernetics Core  
  20  1:35  Probe (Chrono Boost)  
  21  1:45  Probe (Chrono Boost)  
  22  1:52  Pylon  
  22  1:57  Probe (Chrono Boost)  
  23  2:04  Warp Gate  
  23  2:10  Zealot, Probe (Chrono Boost)  
  23  2:33  Probe (Chrono Boost)  
  21  2:39  Stalker  
  24  2:44  Probe (Chrono Boost)  
  22  3:10  Probe (Chrono Boost)  
  19  3:22  Probe (Chrono Boost)  
  19  3:23  Stalker  
  22  3:33  Gateway  
  23  3:34  Probe (Chrono Boost)  
  19  3:53  Nexus  
  13  4:52  Stalker  
  15  5:23  Pylon  
  15  5:27  Probe (Chrono Boost)  
  16  5:38  Mothership Core (Chrono Boost)  
  18  5:56  Probe (Chrono Boost)  
  19  6:06  Assimilator  
  19  6:07  Probe (Chrono Boost)  
  19  6:10  Assimilator  
  20  6:17  Adept  
  20  6:18  Probe (Chrono Boost)  
  23  6:28  Probe (Chrono Boost)  
  24  6:39  Probe (Chrono Boost)  
  25  6:49  Probe (Chrono Boost)  
  26  7:00  Probe (Chrono Boost)  
  27  7:02  Forge  
  27  7:11  Probe (Chrono Boost)  
  28  7:20  Stalker  
  30  7:33  Gateway  
  30  7:38  Protoss Ground Weapons Level 1  
  30  7:43  Stalker  
  30  7:56  Probe (Chrono Boost)  
  31  8:07  Probe (Chrono Boost), Gateway  
  31  8:10  Pylon  
  32  8:27  Stalker  
  32  8:28  Photon Cannon  
  32  8:30  Photon Cannon, Nexus  
  32  8:33  Probe (Chrono Boost)  
  35  8:42  Pylon  
  35  8:45  Probe (Chrono Boost)  
  36  8:54  Stargate  
  36  8:57  Probe (Chrono Boost)  
  38  9:11  Probe (Chrono Boost)  
  38  9:23  Stalker, Probe (Chrono Boost)  
  41  9:24  Stalker  
  41  9:27  Sentry  
  45  9:33  Pylon  
  45  9:35  Probe (Chrono Boost)  
  46  9:40  Protoss Ground Armor Level 1  
  46  9:43  Phoenix  
  49  9:47  Probe (Chrono Boost)  
  49  9:56  Probe (Chrono Boost)  
  49  9:58  Probe (Chrono Boost)  
  51  10:08  Phoenix, Probe (Chrono Boost)  
  51  10:09  Probe (Chrono Boost)  
  54  10:19  Probe (Chrono Boost)  
  54  10:20  Probe (Chrono Boost)  
  56  10:27  Assimilator  
  56  10:28  Assimilator  
  56  10:30  Probe (Chrono Boost)  
  56  10:32  Probe (Chrono Boost)  
  56  10:33  Stargate  
  56  10:35  Protoss Air Weapons Level 1  
  58  10:37  Phoenix  
  58  10:40  Probe (Chrono Boost)  
  62  10:44  Probe (Chrono Boost)  
  62  11:05  Probe (Chrono Boost)  
  62  11:06  Photon Cannon  
  62  11:07  Probe (Chrono Boost)  
  62  11:11  Phoenix  
  66  11:16  Adept x2, Probe (Chrono Boost)  
  71  11:28  Probe (Chrono Boost)  
  72  11:40  Adept  
  72  11:41  Adept x2  
  78  11:48  Twilight Council  
  78  11:51  Nexus  
  78  11:54  Assimilator  
  78  11:58  Assimilator  
  78  12:01  Pylon  
  78  12:08  Pylon  
  78  12:15  Pylon  
  78  12:19  Probe (Chrono Boost)  
  78  12:21  Probe (Chrono Boost)  
  81  12:30  Probe (Chrono Boost)  
  81  12:33  Probe (Chrono Boost)  
  81  12:35  Phoenix  
  81  12:36  Phoenix  
  86  12:38  Stalker x3  
  86  12:40  Probe (Chrono Boost)  
  94  12:45  Probe (Chrono Boost)  
  94  12:49  Protoss Ground Weapons Level 2  
  94  12:51  Pylon  
  80  13:14  Phoenix  
  80  13:15  Phoenix  
  87  13:20  Probe x3 (Chrono Boost)  
  87  13:31  Stalker x3  
  87  13:32  Probe (Chrono Boost)  
  96  13:34  Mothership Core (Chrono Boost)  
  96  13:37  Pylon  
  96  13:41  Probe (Chrono Boost), Gateway  
  97  13:44  Probe (Chrono Boost), Blink  
  97  13:45  Gateway  
  97  13:47  Stargate  
  98  13:54  Probe (Chrono Boost)  
  99  13:57  Gateway  
  99  14:00  Gateway  
  99  14:02  Phoenix  
  101  14:13  Fleet Beacon  
  101  14:16  Pylon  
  98  14:37  Phoenix  
  98  14:40  Phoenix  
  98  14:44  Phoenix  
  104  14:52  Protoss Air Armor Level 1  
  104  14:58  Probe (Chrono Boost)  
  104  14:59  Probe (Chrono Boost)  
  107  15:00  Probe (Chrono Boost)  
  107  15:04  Tempest  
  107  15:05  Tempest  
  107  15:07  Pylon  
  107  15:11  Photon Cannon, Probe (Chrono Boost)  
  107  15:13  Phoenix  
  120  15:16  Photon Cannon  
  122  15:24  Anion Pulse-Crystals  
  122  15:33  Probe x3 (Chrono Boost)  
  122  15:35  Stalker x3  
  131  15:36  Stalker  
  131  15:39  Adept x2  
  137  15:45  Resonating Glaives  
  137  16:03  Stalker x2  
  141  16:13  Pylon  
  141  16:15  Pylon  
  141  16:20  Pylon  
  141  16:31  Tempest  
  141  16:32  Tempest x2  
  159  16:42  Robotics Facility  
  159  16:46  Pylon  
  159  16:48  Pylon  
  159  16:55  Protoss Air Weapons Level 2  
  159  16:58  Protoss Ground Weapons Level 3  
  139  17:32  Adept x2  
  139  17:33  Adept x5  
  153  17:40  Tempest x2  
  153  17:41  Tempest  
  161  18:17  Void Ray  
  161  18:18  Void Ray x2  
  159  18:40  Zealot x3  
  159  18:41  Zealot x4  
  145  19:08  Stalker x2  
  145  19:09  Stalker x2  
  153  19:10  Stalker  
  153  19:11  Stalker  
  153  19:15  Protoss Air Weapons Level 3  
  157  19:31  Tempest  
  157  19:32  Tempest x2  
  169  20:01  Nexus  
  169  20:04  Pylon  
  163  20:09  Pylon  
  163  20:12  Immortal  
  161  20:27  Stalker x7  
  175  20:39  Phoenix  
  175  20:40  Phoenix x2  
  181  20:52  Photon Cannon  
  181  20:54  Photon Cannon  
  181  21:10  Zealot  
  181  21:11  Zealot x6  
  195  21:36  Stalker x3  
  195  21:37  Stalker  
Tags
 
League
Gold
Matchup
PvP
Spawn Locations
Cross Positions
Add a new tag
Caveats
  • Supply blocks, unpowered buildings, or Contaminate may cause inaccurate times.
  • Supply counts are checked every 10 seconds.